 Dungeon Crawl Stone Soup version 0.24.1-8-ga250c9d538 (webtiles) character file.

Game seed: 8003102086584923678, levelgen mode: deterministic

2033 Masnef the Shield-Bearer (level 9, -6/68 HPs)
             Began as a Formicid Fighter on May 1, 2020.
             Was a Priest of Okawaru.
             Mangled by a troll (9 damage)
             ... on level 7 of the Dungeon.
             The game lasted 00:10:53 (5758 turns).

Masnef the Shield-Bearer (Formicid Fighter)         Turns: 5758, Time: 00:10:54

Health: -6/68      AC:  8    Str: 25    XL:     9   Next: 47%
Magic:  0/16       EV: 10    Int: 12    God:    Okawaru [***...]
Gold:   352        SH: 10    Dex: 10    Spells: 18/18 levels left

rFire    + . .     SeeInvis +   z - +4 flail of Trauma {venom, rC+}
rCold    . . .     Gourm    .   c - +0 shield
rNeg     . . .     Faith    .   b - +0 scale mail
rPois    .         Spirit   +   (helmet unavailable)
rElec    .         Reflect  .   s - scarf {Spirit}
rCorr    .         Harm     .   (no gloves)
MR       .....                  C - +0 pair of boots
Stlth    ..........             E - amulet of magic regeneration
HPRegen  0.21/turn              B - ring of wizardry
MPRegen  0.40/turn              G - ring of fire

@: mighty, lethally poisoned (-6 -> -7)
A: permanent stasis, dig shafts and tunnels, four strong arms, antennae 3
a: Dig, Shaft Self, Heroism, Renounce Religion


You were on level 7 of the Dungeon.
You worshipped Okawaru.
Okawaru was most pleased with you.
You were not hungry.

You visited 1 branch of the dungeon, and saw 7 of its levels.

You collected 352 gold pieces.

Inventory:

Hand Weapons
 a - a +0 war axe
 u - a +2 hand axe of chopping
 z - the +4 flail of Trauma (weapon) {venom, rC+}
   (You found it on level 4 of the Dungeon)

   It poisons the flesh of those it strikes.
   It protects you from cold.
Armour
 b - a +0 scale mail (worn)
 c - a +0 shield (worn)
 s - a scarf of spirit shield (worn)
 x - the +2 leather armour of Lethargy {rC+ rN+ Int-3}
   (You found it on level 4 of the Dungeon)

   It affects your intelligence (-3).
   It protects you from cold.
   It protects you from negative energy.
 C - a +0 pair of boots (worn)
Jewellery
 B - a ring of wizardry (left hand)
 E - an amulet of magic regeneration (around neck)
 G - a ring of fire (right hand)
Wands
 t - a wand of random effects (39)
 w - a wand of paralysis (5)
 A - a wand of iceblast (9)
Scrolls
 g - a scroll of immolation
 j - 2 scrolls of identify
 m - a scroll of noise
 n - 2 scrolls of fog {unknown}
 p - 2 scrolls of fear
 q - a scroll of enchant armour {unknown}
 r - 4 scrolls of remove curse
 v - 2 scrolls of amnesia {unknown}
 y - a scroll of blinking {unknown}
 F - a scroll of enchant weapon {unknown}
 H - a scroll of magic mapping {unknown}
Potions
 d - 3 potions of might
 e - a potion of degeneration
 h - 4 potions of curing
 i - a potion of agility {unknown}
 k - a potion of brilliance {unknown}
 l - a potion of lignification {unknown}
 o - a potion of berserk rage {unknown}
 D - a potion of ambrosia
Comestibles
 f - 10 rations


   Skills:
 + Level 5.2 Fighting
 - Level 5.1(5.9) Axes
 - Level 4.5(5.6) Maces & Flails
 + Level 6.1 Armour
 + Level 2.7 Dodging
 + Level 6.3 Shields
 * Level 5.1 Spellcasting


You had 18 spell levels left.
You didn't know any spells.
Your spell library was empty.

Dungeon Overview and Level Annotations

Branches:
Dungeon (7/15)             Temple (0/1) D:6

Altars:
Ashenzari
Hepliaklqana
Makhleb
Nemelex Xobeh
Okawaru
Uskayaw
Wu Jian
Yredelemnul
Zin
The Shining One

Annotations:
D:3 3 runed translucent doors, lepoulpe303's ghost, amateur SpEn


Innate Abilities, Weirdness & Mutations

You cannot be hasted, slowed, berserked, paralysed or teleported.
You can dig through walls and to a lower floor.
Your four strong arms can wield two-handed weapons with a shield.
You have a pair of large antennae on your head. (SInv)


Message History

You kill the leopard gecko!
You hit the troll.
The troll is poisoned.
The troll is lightly wounded.
The troll bites you. The troll claws you. You block the troll's attack.
You barely miss the troll.
The troll is lightly wounded.
You feel sick. You block the troll's attack. The troll claws you!
* * * LOW HITPOINT WARNING * * *
The troll completely misses you.
You sock the troll!
The troll looks as sick as possible!
The troll is heavily wounded.
The troll bites you!
* * * LOW HITPOINT WARNING * * *
The troll claws you but does no damage. The troll claws you.
* * * LOW HITPOINT WARNING * * *
Unknown command.
The troll bites you!
* * * LOW HITPOINT WARNING * * *
The troll claws you!
You die...

#.#.#..####.....
....#>..........
....c..####.....##
#####.)#### .... #
#.....#.####.##
#####..{.T{.......
....###c#.######)# .#
###.#<.l#.# ## #T# ..
..#.#####.# #.##@# #.### #
#.#.# {...##.l..#####... .#
s...##.####....(###.##..###.#
S..............(###.##..#...
...###.####.........#...#.#
...# #.#######.#.....####
.c.# #. #..........#
...######.. #.......##+##
........... #.###...#...###


You could see a troll and an iguana.

Vanquished Creatures
  The ghost of Bombadill the Insei, a novice HuTm of Elyvilon (D:6)
  A water moccasin (D:7)
  A black bear (D:6)
  2 ice beasts (D:6)
  A necrophage (D:7)
  2 centaurs
  An ogre (D:3)
  2 bullfrogs (D:6)
  3 scorpions
  2 crimson imps
  2 bullfrog zombies
  2 hounds
  A bullfrog skeleton (D:6)
  2 orc priests
  2 orc wizards
  An iguana (D:4)
  3 worker ants
  A bullfrog simulacrum (D:6)
  A centaur simulacrum (D:6)
  2 worker ant zombies (D:6)
  A howler monkey zombie (D:5)
  5 adders
  A howler monkey skeleton (D:4)
  A shadow imp (D:6)
  A white imp (D:6)
  A worker ant simulacrum (D:6)
  An ooze (D:1)
  2 worms
  7 leopard geckos
  12 orcs
  4 bats
  6 giant cockroaches
  3 hobgoblins (D:1)
  4 jackals (D:4)
  5 kobolds
  2 quokkas
  2 ball pythons
  7 frilled lizards
  3 goblins
  A leopard gecko zombie (D:5)
  A quokka skeleton (D:7)
  A quokka zombie (D:6)
  3 rats
107 creatures vanquished.

Vanquished Creatures (others)
  4 toadstools (D:1)
4 creatures vanquished.

Grand Total: 111 creatures vanquished

Notes
Turn   | Place    | Note
-------+----------+-------------------------------------------
     0 | D:1      | Masnef the Formicid Fighter began the quest for the Orb.
     0 | D:1      | Reached XP level 1. HP: 18/18 MP: 1/1
   123 | D:1      | Reached XP level 2. HP: 24/24 MP: 2/2
   505 | D:1      | Reached XP level 3. HP: 26/29 MP: 3/3
   843 | D:2      | Found a glowing silver altar of Zin.
  1114 | D:2      | Found an ornate altar of the Wu Jian Council.
  1605 | D:3      | Reached XP level 4. HP: 35/35 MP: 4/4
  1848 | D:3      | Found an iron altar of Okawaru.
  1865 | D:3      | Became a worshipper of Warmaster Okawaru
  1944 | D:3      | Found a runed translucent gate.
  1945 | D:3      | Found a runed translucent gate.
  1946 | D:3      | Found a runed translucent gate.
  1946 | D:3      | Noticed lepoulpe303's ghost (amateur SpEn)
  2139 | D:4      | Reached XP level 5. HP: 38/41 MP: 3/6
  2271 | D:4      | Reached skill level 1 in Spellcasting
  2354 | D:4      | Got a translucent leather armour
  2365 | D:4      | Identified the +2 leather armour of Lethargy {rC+ rN+
                  | Int-3} (You found it on level 4 of the Dungeon)
  2391 | D:4      | Found a burning altar of Makhleb.
  2391 | D:4      | Noticed a green death
  2455 | D:4      | Noticed an ogre
  2766 | D:4      | Reached XP level 6. HP: 47/47 MP: 6/8
  2777 | D:4      | Reached * piety under Okawaru
  2808 | D:3      | Killed an ogre
  2808 | D:3      | Reached skill level 1 in Dodging
  2917 | D:4      | Reached XP level 7. HP: 53/53 MP: 10/10
  2925 | D:4      | Found a glowing golden altar of the Shining One.
  2944 | D:4      | Reached skill level 5 in Axes
  3176 | D:4      | Got a brightly glowing flail
  3177 | D:4      | Identified the +4 flail of Trauma {venom, rC+} (You found
                  | it on level 4 of the Dungeon)
  3442 | D:5      | Entered Level 5 of the Dungeon
  3442 | D:5      | Found a basalt altar of Yredelemnul.
  3730 | D:5      | Found a shattered altar of Ashenzari.
  4027 | D:5      | Reached skill level 1 in Maces & Flails
  4062 | D:5      | Found a hazy altar of Hepliaklqana.
  4484 | D:6      | Found a runed translucent gate.
  4484 | D:6      | Found a runed translucent gate.
  4484 | D:6      | Found a runed translucent gate.
  4529 | D:6      | Reached XP level 8. HP: 60/60 MP: 12/12
  4539 | D:6      | Noticed Bombadill's ghost (novice HuTm)
  4600 | D:6      | Killed Bombadill's ghost
  4600 | D:6      | Reached ** piety under Okawaru
  4600 | D:6      | Reached skill level 5 in Armour
  4600 | D:6      | Reached skill level 5 in Shields
  4902 | D:6      | Found a hide-covered altar of Uskayaw.
  4981 | D:6      | Reached XP level 9. HP: 64/66 MP: 15/15
  5018 | D:6      | Found a staircase to the Ecumenical Temple.
  5129 | D:6      | Found a sparkling altar of Nemelex Xobeh.
  5206 | D:6      | Reached *** piety under Okawaru
  5299 | D:6      | Reached skill level 5 in Fighting
  5646 | D:7      | Noticed a troll
  5721 | D:7      | Reached skill level 5 in Spellcasting
  5758 | D:7      | HP: 3/68 [troll (6)]
  5758 | D:7      | Mangled by a troll

Levels and vault maps discovered:
D:1:      ldierk_walled_garden_2, layout_basic
D:2:      layout_basic, zin_academy, nicolae_overflow_hidden_temple
D:3:      layout_rooms, lemuel_coloured_pillars_altar, first_ration,
          ebering_ghost_rock_garden
D:4:      layout_loops_ring, kennysheep_little_box, makhleb_altar_promises_db,
          nrook_mini_vaults
D:5:      layout_basic, yredelemnul_altar_generic, evilmike_ruin_ashenzari,
          lemuel_round_altar, chequers_mini_garden
D:6:      layout_basic, kennysheep_mini, minmay_temple_entry_sparse_star,
          gammafunk_ghost_icy, nemelex_spade_bored_becter
D:7:      layout_basic, lemuel_doored_altar, grunt_decor_clamped

Skill      XL: |  1  2  3  4  5  6  7  8  9 |
---------------+----------------------------+-----
Axes           | 3 4 5 |  5.1
Shields        | 4 5 6 |  6.3
Spellcasting   | 1 2 3 4 5 |  5.1
Armour         | 4 5 6 |  6.1
Dodging        | 1 2 |  2.7
Fighting       | 4 5 |  5.2
Maces & Flails | 1 4 |  4.5

Action                   |  1- 3 |  4- 6 |  7- 9 || total
-------------------------+-------+-------+-------++-------
Melee: War axe           |   121 |    25 |    18 ||   164
       Hand axe          |       |    48 |       ||    48
       Flail             |       |       |   250 ||   250
Invok: Heroism           |       |     1 |     2 ||     3
  Use: Scroll            |       |     1 |     7 ||     8
       Potion            |       |       |     1 ||     1
  Eat: Chunk             |     2 |     5 |     6 ||    13
       Ration            |       |       |     1 ||     1
Armor: Scale mail        |    55 |    16 |    92 ||   163
       Leather armour    |       |     2 |       ||     2
Dodge: Dodged            |    40 |    21 |    84 ||   145
Block: Shield            |    78 |    30 |   127 ||   235
